AoeStats
← One Time

Arabia

509698432Analyzed
1v1 RM · 5d ago on Sep 27, 2026· 47m 17s· 2 players
Game mode
Random Map
Map size
Tiny (2 player)
Population
200
Speed
Normal
Resources
Standard
Victory
Conquest
Starting age
Dark Age
Ending age
Imperial Age
RankedLock teamsTeams togetherTeam positionsShared explorationLock speedFull tech treeHidden civsTurbo modeCheats
Victory
Defeat
🇹🇼 Romans · Taiwan
1264
+17
🇨🇳 Huns · China
1281
-17
One Time
10:12 Feudal Age
11:14 Double-Bit Axe
10:53 Man-at-Arms
14:26 Scale Mail Armor
16:41 Forging
22:50 Castle Age
20:54 Fletching
23:54 Wheelbarrow
22:59 Long Swordsman
23:56 Chain Mail Armor
23:51 Forging
24:29 Pikeman
26:21 Squires
28:32 Town Watch
28:49 Gold Mining
29:00 Horse Collar
30:49 Bow Saw
36:33 Iron Casting
36:15 Bodkin Arrow
41:46 Imperial Age
45:21 Blast Furnace
44:56 Elite Skirmisher
46:09 Conscription
46:27 Padded Archer Armor
37234103
6:27 Loom
9:09 Feudal Age
9:54 Double-Bit Axe
12:52 Horse Collar
20:43 Castle Age
20:11 Bloodlines
20:15 Forging
21:13 Scale Barding Armor
24:39 Bow Saw
26:36 Fletching
26:47 Padded Archer Armor
27:45 Bodkin Arrow
28:12 Husbandry
28:44 Gold Mining
30:51 Leather Archer Armor
34:44 Wheelbarrow
35:00 Chain Barding Armor
Connection lost

Rejoining the realm…

Still unreachable

The connection could not be restored.

Session expired

The server has moved on; the page needs a fresh start.